 Dungeon Crawl Stone Soup version 0.21.1-1-g345015f (webtiles) character file.

63 mike2R the Shield-Bearer (level 3, -1/31 HPs)
             Began as a Minotaur Fighter on Mar 30, 2018.
             Slain by a gnoll
             ... wielding a cursed -1 spear
              (2 damage)
             ... on level 2 of the Dungeon.
             The game lasted 00:07:00 (845 turns).

mike2R the Shield-Bearer (Minotaur Fighter)          Turns: 845, Time: 00:07:03

Health: -1/31      AC:  6    Str: 20    XL:     3   Next: 87%
Magic:  2/2        EV:  9    Int:  1    God:
Gold:   20         SH:  0    Dex: 10    Spells: 2/2 levels left

rFire    . . .     SeeInvis .   a - +2 war axe
rCold    . . .     Gourm    .   (no shield)
rNeg     . . .     Faith    .   b - +0 scale mail
rPois    .         Spirit   .   (helmet restricted)
rElec    .         Reflect  .   (no cloak)
rCorr    .         Harm     .   (no gloves)
MR       .....                  (no boots)
Stlth    ..........             (no amulet)
HPRegen  0.10/turn              k - -4 ring of intelligence (curse)
MPRegen  0.08/turn              (no ring)

@: no status effects
A: retaliatory headbutt, horns 2
a: no special abilities


You were on level 2 of the Dungeon.
You were not hungry.

You visited 1 branch of the dungeon, and saw 2 of its levels.

You collected 20 gold pieces.

Inventory:

Hand Weapons
 a - a +2 war axe (weapon)
Missiles
 g - 16 arrows
 h - 45 stones (quivered)
Armour
 b - a +0 scale mail (worn)
 c - a +0 shield
Jewellery
 k - a cursed -4 ring of intelligence (left hand)
Scrolls
 e - a scroll of teleportation
 l - a scroll of fear {unknown}
Potions
 d - a potion of might
 i - a potion of magic
 m - 2 potions of ambrosia {unknown}
 n - a potion of agility {unknown}
Comestibles
 f - 2 rations
 j - 8 chunks of flesh


   Skills:
 - Level 3.6 Fighting
 + Level 4.0 Axes
 - Level 3.6 Armour
 + Level 4.8 Shields


You had 2 spell levels left.
You didn't know any spells.

Dungeon Overview and Level Annotations

Branches:
Dungeon (2/15)

Altars:
Yredelemnul

Annotations:
D:2 2 transporters, Menkaure


Innate Abilities, Weirdness & Mutations

You reflexively headbutt those who attack you in melee.
You have a pair of horns on your head.


Message History

The gnoll closely misses you.
The gnoll hits you from afar with an enchanted spear.
* * * LOW HITPOINT WARNING * * *
Your scale mail prevents you from hitting the gnoll.
You kill the gnoll!
Your Axes skill increases to level 4!
The gnoll hits you but does no damage.
The gnoll hits you with an enchanted spear.
* * * LOW HITPOINT WARNING * * *
You see here a whip.
You hit the gnoll but do no damage. You headbutt the gnoll!
The gnoll is severely wounded.
The gnoll closely misses you.
You closely miss the gnoll.
You headbutt the gnoll, but do no damage.
The gnoll is severely wounded.
The gnoll hits you with an enchanted spear.
* * * LOW HITPOINT WARNING * * *
The gnoll hits you with an enchanted spear.
You die...

.....#..##..
.....#.....©.....#..#
.....#..##...##..#..#
.....#..#8...8#..#..#
.....#..##...##..#..####
.#...#...........#.....#
.....#........5ZM#....##
.....#############.....#
...........©....@g....#
.#..###.#....#..)#....#
.... ..................#
......#...##..........##
......+...+.............
..... #...##..........##
..... #...##..........#
... #.$.##......#####


You could see Menkaure, a gnoll, a shadow imp and an adder skeleton.

Vanquished Creatures
  2 gnolls (D:2)
  2 adders (D:2)
  A leopard gecko (D:1)
  An orc (D:2)
  A bat (D:1)
  4 goblins
  2 hobgoblins
  5 kobolds
  A ball python (D:2)
  A frilled lizard (D:1)
  4 rats
24 creatures vanquished.

Notes
Turn   | Place    | Note
-------+----------+-------------------------------------------
     0 | D:1      | mike2R the Minotaur Fighter began the quest for the Orb.
     0 | D:1      | Reached XP level 1. HP: 19/19 MP: 0/0
   211 | D:1      | Reached XP level 2. HP: 23/26 MP: 1/1
   646 | D:2      | Reached XP level 3. HP: 21/31 MP: 2/2
   771 | D:2      | Found a transporter.
   803 | D:2      | Found a basalt altar of Yredelemnul.
   806 | D:2      | Noticed Menkaure
   815 | D:2      | Found a transporter.
   845 | D:2      | HP: 1/31 [gnoll/enchanted spear (4)]
   845 | D:2      | Slain by a gnoll

Skill      XL: |  1  2  3 |
---------------+----------+-----
Shields        | 4 |  4.8
Axes           | 3 4 |  4.0
Fighting       | |  3.6
Armour         | |  3.6

Action                   || total
-------------------------++-------
Melee: War axe           ||    47
       Headbutt          ||     5
Throw: Stone             ||    17
  Use: Scroll            ||     5
Armor: Scale mail        ||    21
Dodge: Dodged            ||    24
